 Dungeon Crawl Stone Soup version 0.23.2-1-ga50397a (webtiles) character file.

Game seed: 2850083624841594625

123 Labyrinth the Shield-Bearer (level 5, -3/33 HPs)
             Began as a Gargoyle Fighter on May 18, 2019.
             Slain by an ogre
             ... wielding a +0 giant club
              (15 damage)
             ... on level 3 of the Dungeon.
             The game lasted 00:12:59 (1901 turns).

Labyrinth the Shield-Bearer (Gargoyle Fighter)      Turns: 1901, Time: 00:12:59

Health: -3/33      AC: 13    Str: 20    XL:     5   Next: 7%
Magic:  14/14      EV:  7    Int:  8    God:
Gold:   115        SH:  9    Dex: 10    Spells: 4/4 levels left

rFire    . . .     SeeInvis .   e - +0 mace
rCold    . . .     Gourm    .   c - +0 shield
rNeg     + . .     Faith    .   b - +0 scale mail
rPois    ∞         Spirit   .   (no helmet)
rElec    +         Reflect  .   g - +0 cloak
rCorr    +         Harm     .   w - +0 pair of gloves
MR       .....                  (no boots)
Stlth    ..........             (no amulet)
HPRegen  0.11/turn              i - ring of magical power
MPRegen  0.14/turn              r - ring of resist corrosion

@: no status effects
A: negative energy resistance 1, electricity resistance, unbreathing,
petrification resistance, rot immunity, AC +4
a: no special abilities


You were on level 3 of the Dungeon.
You were not hungry.

You visited 1 branch of the dungeon, and saw 3 of its levels.

You collected 115 gold pieces.

Inventory:

Hand Weapons
 a - a +0 flail
 e - a +0 mace (weapon)
 x - a +0 hand axe
Missiles
 d - 36 stones (quivered)
 m - 7 needles of confusion
 o - 10 sling bullets
 s - 22 arrows
Armour
 b - a +0 scale mail (worn)
 c - a +0 shield (worn)
 g - a +0 cloak (worn)
 w - a +0 pair of gloves (worn)
Jewellery
 i - a ring of magical power (left hand)
 r - a ring of resist corrosion (right hand)
Scrolls
 j - a scroll of enchant armour
 k - a scroll of magic mapping
 n - 3 scrolls of teleportation
 p - a scroll of immolation {unknown}
 q - a scroll of remove curse {unknown}
 t - a scroll of enchant weapon {unknown}
 v - a scroll of blinking {unknown}
Potions
 h - a potion of lignification
 l - a potion of mutation {unknown}
Comestibles
 f - 2 rations
 u - 2 chunks of flesh


   Skills:
 + Level 3.9 Fighting
 + Level 3.1 Maces & Flails
 + Level 0.1 Throwing
 + Level 3.9 Armour
 + Level 0.8 Dodging
 + Level 4.1 Shields


You had 4 spell levels left.
You didn't know any spells.
Your spell library was empty.

Dungeon Overview and Level Annotations

Branches:
Dungeon (3/15)

Altars:


Innate Abilities, Weirdness & Mutations

You are resistant to torment.
Your stone body is resilient. (AC +4)
You are immune to poison.
You resist negative energy. (rN+)
You are resistant to electric shocks. (rElec)
You can survive without breathing.
You are immune to petrification.
You are immune to rotting.


Message History

Items here: % )) ÷ a +0 dagger; a +0 hand axe; 3 chunks of flesh; an orc skeleton The rat closely misses you.
The ogre shouts!
You hit the rat.
You kill the rat!
The ogre barely misses you.
Your shield prevents you from hitting the ogre.
The ogre hits you with a +0 giant club!
You completely miss the ogre. You block the ogre's attack.
You hit the ogre.
The ogre is lightly wounded.
The ogre hits you with a +0 giant club!
You sock the ogre!
The ogre is heavily wounded.
The ogre closely misses you.
You hit the ogre but do no damage.
The ogre is heavily wounded.
The ogre hits you with a +0 giant club!
You die...

#.# ### ##.######
... #.......#
#.####.......###
#...##..........
###..........# #
#.<.#........###...
#.####...)........#
... #...).@O.##..
#### ##.#####.# #.#
.. #+# #.. .# .


You could see an ogre.

Vanquished Creatures
  An orc priest (D:3)
  An adder (D:3)
  2 oozes
  2 worms (D:2)
  2 dart slugs (D:1)
  2 leopard geckos (D:1)
  2 orcs (D:3)
  2 ball pythons (D:1)
  4 giant cockroaches
  4 goblins (D:1)
  7 hobgoblins
  11 jackals
  4 kobolds
  A quokka (D:2)
  4 bats
  6 frilled lizards
  7 rats
62 creatures vanquished.

Notes
Turn   | Place    | Note
-------+----------+-------------------------------------------
     0 | D:1      | Labyrinth the Gargoyle Fighter began the quest for the Orb.
     0 | D:1      | Reached XP level 1. HP: 14/14 MP: 1/1
   139 | D:1      | Reached XP level 2. HP: 15/19 MP: 2/2
   219 | D:1      | Reached XP level 3. HP: 13/24 MP: 3/3
  1075 | D:2      | Reached XP level 4. HP: 29/29 MP: 4/4
  1570 | D:2      | Found a faded altar of an unknown god.
  1879 | D:3      | Reached skill level 4 in Shields
  1885 | D:3      | Reached XP level 5. HP: 32/33 MP: 5/5
  1888 | D:3      | Noticed an ogre
  1901 | D:3      | Slain by an ogre

Skill      XL: |  1  2  3  4 |
---------------+-------------+-----
Maces & Flails | 3 |  3.1
Shields        | 4 |  4.1
Fighting       | |  3.9
Throwing       | |  0.1
Armour         | |  3.9
Dodging        | |  0.8

Action                   |  1- 3 |  4- 6 || total
-------------------------+-------+-------++-------
Melee: Flail             |    63 |       ||    63
       Mace              |    72 |    97 ||   169
Throw: Stone             |    26 |       ||    26
  Use: Potion            |     1 |       ||     1
       Scroll            |     4 |       ||     4
  Eat: Chunk             |     1 |     3 ||     4
Armor: Scale mail        |    76 |    64 ||   140
Dodge: Dodged            |    43 |    44 ||    87
Block: Shield            |    78 |    63 ||   141
